 Dungeon Crawl Stone Soup version 0.31-a0-986-g5e6e4ef867 (webtiles) character file.

Game seed: 9295018471561468612

189 ytrimaz the Sneak (level 5, -7/49 HPs)
             Began as an Octopode Shapeshifter on Nov 15, 2023.
             Was an Initiate of Gozag.
             Mangled by an orc wizard
             ... wielding a +1 dagger of electrocution
              (11 damage)
             ... on level 3 of the Dungeon.
             The game lasted 00:03:06 (2443 turns).

ytrimaz the Sneak (Octopode Shapeshifter)           Turns: 2443, Time: 00:03:06

Health: -7/49      AC: 22    Str: 14    XL:     5   Next: 68%
Magic:  5/5        EV:  2    Int: 12    God:    Gozag
Gold:   101        SH:  0    Dex: 13    Spells: 4/4 levels left

rFire   . .          .
                       - Unarmed
rCold   . . .        (no shield)
rNeg    . . .        (helmet currently unavailable)
rPois   +            a - amulet of magic regeneration
rElec   .            (no ring)
rCorr   .            (no ring)
SInv    .            (no ring)
Will    .....        (no ring)
Stlth   +            (no ring)
HPRegen 0.28/turn    (no ring)
MPRegen 0.49/turn    (no ring)
                     (no ring)

%: no passive effects
@: confused, tree-form, ambrosia-drunk, gold aura
A: stationary, stasis, torment immunity, boosted hp, almost no armour,
(amphibious), 8 rings, (camouflage 1), (gelatinous body 1), (nimble swimmer 1),
(tentacles)
a: Renounce Religion, Potion Petition, Call Merchant, Bribe Branch


You were on level 3 of the Dungeon.
You worshipped Gozag.
Gozag was aware of your devotion.
You were a tree.
You visited 1 branch of the dungeon, and saw 3 of its levels.

You collected 138 gold pieces.
You paid 37 gold pieces to Gozag.


Innate Abilities, Weirdness & Mutations

You are a tree.
Your roots penetrate the ground, keeping you stationary.
You cannot be teleported.
You are immune to unholy pain and torment.
Your maximum health is greatly increased.
You cannot wear most types of armour.
((You are amphibious.))
You can wear up to eight rings at the same time.
((Your skin changes colour to match your surroundings (Stealth+).))
((Your rubbery body absorbs attacks. (AC +1, EV +1)))
((You are camouflaged when in or above water. (Stealth+)))
((You have tentacles for arms and can constrict up to eight enemies at once.))


   Skills:
 - Level 1.0 Fighting
 - Level 2.0 Dodging
 + Level 4.3 Stealth
 + Level 4.2 Unarmed Combat
 + Level 4.0 Shapeshifting


You had 4 spell levels left.
You didn't know any spells.
Your spell library contained the following spells:

 Spells                   Type           Power      Damage    Failure   Level
 Magic Dart               Conj           0%         1d3       32%         1
 Sandblast                Erth           0%         2d4       32%         1
 Call Imp                 Summ           0%         N/A       45%         2
 Passwall                 Tmut/Erth      0%         N/A       45%         2
 Mephitic Cloud           Conj/Pois/Air  0%         N/A       69%         3
 Stone Arrow              Conj/Erth      0%         3d7       69%         3
 Brom's Barrelling Bould  Conj/Erth      0%         2d3       97%         4

Inventory:

Jewellery
 a - an amulet of magic regeneration (around neck)
   (You found it on level 2 of the Dungeon)
Talismans
 b - a beast talisman
 c - a flux talisman
Scrolls
 d - a scroll of fear {unknown}
 e - a scroll of vulnerability {unknown}
 f - 2 scrolls of poison {unknown}
 h - a scroll of fog {unknown}
 i - a scroll of amnesia {unknown}
 k - a scroll of blinking {unknown}
 l - 2 scrolls of brand weapon {unknown}
Potions
 g - 2 potions of ambrosia
 m - a potion of heal wounds {unknown}
 n - a potion of mutation {unknown}

Dungeon Overview and Level Annotations

Branches:
Dungeon (3/15) Zot: 15564

Altars:
Elyvilon
Gozag
Vehumet

#......................
#....####..............
##.....................
#......#####.....<....
#...⌠.##...##.⌠.......
#....##....8##........
#...##..._..###.......
#..##{o....8# ##......
##.#$♣o....# #.###..
#.'..$#####. #.# #..
#.#..##..... #.# #..
#.##.# .... ##.# #..
#..### ...##..###..
#...## .##.....#..
##..⌠.## ##.⌠..#....
#......#####.....##...
#.................#...


You could see 2 orcs.


Message History

The orc wizard hits you with a +1 dagger of electrocution. 😮 HP[-11]
You take 11 damage, and now have 22/33 hp.
MASSIVE DAMAGE!! (PAUSE)
Your transformation has ended.
You turn into a tree.
Your roots penetrate the ground.
The orc wizard hits you but does no damage.
The orc hits you but does no damage. 😮 HP[+11]
You now have 49 max hp (+16).
You regained 11 hp, and now have 33/49 hp.
Unknown command.
You hit the orc wizard but do no damage.
The orc wizard hits you but does no damage.
You closely miss the orc wizard.
The quokka bites you but does no damage.
The orc wizard hits you but does no damage.
Unknown command.
You are too injured to fight recklessly!
You barely miss the orc wizard.
The quokka bites you but does no damage.
The orc wizard completely misses you. 😮 HP[+1]
You hit the orc.
You kill the orc!
The quokka bites you. The orc hits you but does no damage.
The orc wizard hits you but does no damage. x2
Your Shapeshifting skill increases to level 4! 😮 HP[-2]
You take 2 damage, and now have 32/49 hp.
You are too injured to fight recklessly!
You smack the orc wizard!
The quokka bites you. The orc hits you but does no damage.
The orc wizard hits you but does no damage.
The orc hits you but does no damage.
The orc wizard hits you with a +1 dagger of electrocution.
You are too injured to fight recklessly! 😮 HP[-2]
You take 2 damage, and now have 30/49 hp.
Unknown command.
You smack the orc wizard!
You kill the orc wizard!
The quokka is distracted by your dazzling golden aura.
The orc hits you but does no damage.
The orc wizard hits you but does no damage.
You are electrocuted!!
* * * LOW HITPOINT WARNING * * *
The orc hits you but does no damage. 😱 HP[-20]
You take 20 damage, and now have 10/49 hp.
MASSIVE DAMAGE!! (PAUSE)
You hit the orc wizard but do no damage.
The quokka is no longer distracted by gold.
The quokka bites you.
* * * LOW HITPOINT WARNING * * *
😱 HP[-1]
You take 1 damage, and now have 9/49 hp.
You hit the orc wizard. The orc hits you but does no damage.
The orc is distracted by your dazzling golden aura.
The orc wizard mumbles some strange words.
The orc wizard flickers and vanishes!
Deactivating autopickup; reactivate with Ctrl-A.
The quokka bites you but does no damage.
The orc shouts!
Unknown command.
You cannot move.
You cannot move.
Unknown command.
You cannot move.
You cannot move.
Unknown command.
You smack the quokka!
You kill the quokka!
The orc hits you but does no damage.
You hear some strange, mumbled words.
You are confused.
Unknown command.
You hit the orc. The orc barely misses you.
You hear some strange, mumbled words.
A magic dart appears from out of thin air!
The magic dart hits you!
* * * LOW HITPOINT WARNING * * *
😱 HP[-8]
You take 8 damage, and now have 1/49 hp.
You swing at nothing.
The orc hits you but does no damage. Something hits you but does no damage.
You attack the stone wall.
The orc is no longer distracted by gold.
The orc hits you but does no damage. x2; Something hits you but does no damage.
Unknown command.
It was a potion of ambrosia.
You are more confused.
You feel invigorated.
The orc is distracted by your dazzling golden aura.
The orc hits you with a +0 dagger.
* * * LOW HITPOINT WARNING * * *
Something hits you but does no damage.
You are electrocuted!
You die...
Your body crumbles into a pile of gold.

Skill      XL: |  1  2  3  4  5 |
---------------+----------------+-----
Stealth        | 1 2 3 4 |  4.3
Unarmed Combat | 4 |  4.2
Shapeshifting  | 4 |  4.0
Fighting       | |  1.0
Dodging        | |  2.0

Action                     |  1- 3 |  4- 6 || total
---------------------------+-------+-------++-------
  Melee: Unarmed           |    60 |    66 ||   126
         Tentacles         |    10 |     8 ||    18
         Constrict         |     9 |    13 ||    22
         Punch             |       |     2 ||     2
    Use: Potion            |     1 |     2 ||     3
   Stab: Sleeping          |     7 |     2 ||     9
 Armour: Skin              |    54 |    61 ||   115
  Dodge: Dodged            |    34 |    27 ||    61

Levels and vault maps discovered:
D:1:      dpeg_arrival_ternary, layout_basic
D:2:      layout_rooms
D:3:      layout_rooms, nicolae_overflow_ecumenical_swirl,
          mainiacjoe_overflow_boulevard, old_standard_altar, vehumet_crystals

Notes
Turn   | Place    | Note
-------+----------+-------------------------------------------
     0 | D:1      | ytrimaz the Octopode Shapeshifter began the quest for the
                  | Orb.
     0 | D:1      | Reached XP level 1. HP: 13/13 MP: 1/1
     0 | D:1      | magus.rc [v1.9.6]
    62 | D:1      | Reached skill level 1 in Stealth
    65 | D:1      | Reached XP level 2. HP: 15/18 MP: 2/2
   160 | D:1      | You pick up a book of Geomancy and begin reading...
   160 | D:1      | You add the spells Sandblast, Passwall, Stone Arrow and
                  | Brom's Barrelling Boulder to your library.
   224 | D:1      | You pick up a book of Minor Magic and begin reading...
   224 | D:1      | You add the spells Magic Dart, Call Imp and Mephitic Cloud
                  | to your library.
   308 | D:1      | You fall into a shaft and drop 1 floor!
   325 | D:2      | Reached skill level 2 in Stealth
   326 | D:2      | Reached XP level 3. HP: 10/23 MP: 3/3
  1003 | D:2      | Reached XP level 4. HP: 28/28 MP: 4/4
  1181 | D:2      | HP: 7/28 [poisoned by an adder]
  1184 | D:2      | HP: 3/28 [adder (3)]
  1187 | D:2      | HP: 1/28 [poisoned by an adder]
  1188 | D:2      | Reached skill level 3 in Stealth
  1969 | D:3      | Found a radiant altar of Vehumet.
  1977 | D:3      | Reached XP level 5. HP: 26/33 MP: 5/5
  2082 | D:3      | Reached skill level 4 in Stealth
  2082 | D:3      | Reached skill level 4 in Unarmed Combat
  2258 | D:3      | Found a white marble altar of Elyvilon.
  2383 | D:3      | Found an opulent altar of Gozag.
  2396 | D:3      | Became a worshipper of Gozag Ym Sagoz the Greedy
  2426 | D:3      | Found a faded altar of an unknown god.
  2435 | D:3      | Reached skill level 4 in Shapeshifting
  2436 | D:3      | HP: 10/49 [orc wizard/+1 dagger of electrocution (20)]
  2440 | D:3      | HP: 1/49 [something/magic dart (9)]
  2443 | D:3      | Mangled by an orc wizard

Vanquished Creatures
  2 orc wizards (D:3)
  5 gnolls
  2 adders
  A worm (D:2)
  A dart slug (D:1)
  7 orcs (D:3)
  4 ball pythons
  8 endoplasms (D:1)
  2 giant cockroaches
  A goblin (D:1)
  6 hobgoblins
  3 jackals (D:2)
  5 kobolds
  2 quokkas
  2 bats
  5 frilled lizards
  5 rats
61 creatures vanquished.

Table legend:
 A = Non-vault XP
 B = Vault XP
 C = Vault XP percentage of total XP
 D = Non-vault monster count
 E = Vault monster count
 F = Vault count percentage of total count
                 A         B        C        D         E       F
            +---------+---------+-------+---------+---------+-------
      Total |     271 |       0 |   0.0 |      61 |       0 |   0.0
            +---------+---------+-------+---------+---------+-------
        D:1 |      66 |       0 |   0.0 |      23 |       0 |   0.0
        D:2 |      45 |       0 |   0.0 |      19 |       0 |   0.0
        D:3 |     160 |       0 |   0.0 |      19 |       0 |   0.0
            +---------+---------+-------+---------+---------+-------

Skill      XL: |  1  2  3  4  5 |
---------------+----------------+-----
Stealth        | 1 2 3 4 |  4.3
Unarmed Combat | 4 |  4.2
Shapeshifting  | 4 |  4.0
Fighting       | |  1.0
Dodging        | |  2.0

Action                     |  1- 3 |  4- 6 || total
---------------------------+-------+-------++-------
  Melee: Unarmed           |    60 |    66 ||   126
         Tentacles         |    10 |     8 ||    18
         Constrict         |     9 |    13 ||    22
         Punch             |       |     2 ||     2
    Use: Potion            |     1 |     2 ||     3
   Stab: Sleeping          |     7 |     2 ||     9
 Armour: Skin              |    54 |    61 ||   115
  Dodge: Dodged            |    34 |    27 ||    61

Illustrated notes

Table legend:
 A = Kills in this place as a percentage of kills in the entire game.
 B = Kills by you in this place as a percentage of kills by you in the entire game.
 C = Kills by friends in this place as a percentage of kills by friends in the entire game.
 D = Other kills in this place as a percentage of other kills in the entire game.
 E = Experience gained in this place as a percentage of experience gained in the entire game.
 F = Experience gained in this place divided by the number of levels of this place that you have seen.
                   A       B       C       D       E      F
               +-------+-------+-------+-------+-------+----------------------
         Total | 100.0 | 100.0 |   N/A |   N/A | 100.0 |  90.3
       Dungeon | 100.0 | 100.0 |   N/A |   N/A | 100.0 |  90.3
               +-------+-------+-------+-------+-------+----------------------

Table legend: (Time is in decaauts)
 A = Elapsed time spent in this place.
 B = Non-inter-level travel time spent in this place.
 C = Inter-level travel time spent in this place.
 D = Time resting spent in this place.
 E = Time spent auto-exploring this place.
 F = Levels seen in this place.
 G = Mean time per level.
                   A        B        C        D        E       F      G
               +--------+--------+--------+--------+--------+-----+--------+
         Total |   2434 |   2408 |     26 |    205 |   1786 |   3 |  811.3 |
       Dungeon |   2434 |   2408 |     26 |    205 |   1786 |   3 |  811.3 |
               +--------+--------+--------+--------+--------+-----+--------+

Top non-repeatable levels by time:
     D:1: 1115 daAuts
     D:3: 816 daAuts
     D:2: 503 daAuts
